 Dungeon Crawl Stone Soup version 0.31-a0-702-gf82c85558f (webtiles) character file.

Game seed: 8018589423812199767

92732 cforsyth the Warrior (level 16, -1/124 HPs)
             Began as a Djinni Chaos Knight on Sept 8, 2023.
             Was the Champion of Hepliaklqana.
             Slain by a caustic shrike simulacrum (10 damage)
             ... in an ice cave.
             The game lasted 01:06:18 (25956 turns).

cforsyth the Warrior (Djinni Chaos Knight)         Turns: 25956, Time: 01:06:19

Health: -1/124     AC: 29    Str: 10    XL:     16   Next: 54%
Gold:   1465       EV: 11    Int: 22    God:    Hepliaklqana [******] SH:  7 Dex: 16

rFire   + + +        E - +7 trident "Zeeqipui" {heavy, rElec rPois}
rCold   + + .        b - +0 buckler
rNeg    . . .        n - +4 scale mail of Vermicelli {rC++}
rPois   ∞            u - +3 helmet of Philately {rC+}
rElec   +            h - +0 cloak {Will+}
rCorr   .            A - +0 pair of gloves
SInv    .            (boots unavailable)
Will    ++...        g - amulet of regeneration Stlth
                     j - ring of the Tortoise {AC+8}
HPRegen 1.20/turn    N - ring of the Octopus King {rF+ HP+2 AC+2 EV+2 SH+2}
MPRegen 0.00/turn

%: infuse magic (-2 HP)
@: flying
A: reduced essence, sickness immunity, fire resistance 2, cold vulnerability 1,
float, innate caster, HP casting, extra vitality 1, claws 1, iridescent scales
1, agile 1
a: Renounce Religion, Recall Ancestor, Ancestor Identity, Transference, Idealise


You were in an ice cave.
You worshipped Hepliaklqana.
Hepliaklqana was exalted by your worship.
You visited 4 branches of the dungeon, and saw 22 of its levels.
You also visited: Gauntlet and Ice Cave.

You collected 2238 gold pieces.
You spent 773 gold pieces at shops.

Inventory:

Hand Weapons
 a - a +0 falchion of chaos
 v - a +3 trident of protection
 E - the +7 trident "Zeeqipui" (weapon) {heavy, rElec rPois}
   (You took it off a minotaur in a Gauntlet)

   rElec:     It insulates you from electricity.
   rPois:     It protects you from poison
 R - the +3 war axe of the Insatiable Knives {spect, +Blink}
   (You found it in a Gauntlet)

   +Blink:    It lets you blink.
Missiles
 x - 8 throwing nets
Armour
 b - a +0 buckler (worn)
 h - a +0 cloak of willpower (worn)
 n - the +4 scale mail of Vermicelli (worn) {rC++}
   (You found it on level 2 of the Dungeon)

   rC++:      It greatly protects you from cold.
 u - the +3 helmet of Philately (worn) {rC+}
   (You took it off Robin on level 3 of the Dungeon)

   rC+:       It protects you from cold.
 A - a +0 pair of gloves (worn)
 S - a +2 helmet of see invisible
Jewellery
 g - an amulet of regeneration (around neck)
 j - the ring of the Tortoise (left hand) {AC+8}
   (You found it on level 1 of the Lair of Beasts)

   [ring of protection]

   AC+8:      It affects your AC (+8).
 k - a ring of see invisible
 r - a ring of protection from cold
 F - a ring of fire
 N - a ring of the Octopus King (right hand) {rF+ HP+2 AC+2 EV+2 SH+2}
   (You found it on level 5 of the Lair of Beasts)

   [ring of protection from fire]

   AC+2:      It affects your AC (+2).
   EV+2:      It affects your evasion (+2).
   rF+:       It protects you from fire.
   HP+2:      It affects your health (+2).
   SH+2:      It affects your SH (+2).
 Q - the amulet "Qir Puty" {Acrobat rN+}
   (You found it in a Gauntlet)

   [amulet of the acrobat]

   Acrobat:   It increases your evasion while moving and waiting.
   rN+:       It protects you from negative energy.
 T - a ring of wizardry
 V - a +6 ring of intelligence
Wands
 i - a wand of mindburst (5)
 q - a wand of paralysis (8)
 w - a wand of polymorph (17)
 D - a wand of roots (1)
 G - a wand of quicksilver (5)
 M - a wand of digging (5)
 P - a wand of flame (8)
Scrolls
 c - 7 scrolls of noise
 d - 4 scrolls of fog {unknown}
 f - 5 scrolls of revelation {unknown}
 m - 2 scrolls of torment {unknown}
 p - a scroll of enchant weapon {unknown}
 t - a scroll of teleportation
 y - 3 scrolls of amnesia
 I - a scroll of enchant armour {unknown}
 J - 2 scrolls of blinking {unknown}
 K - a scroll of vulnerability
 U - a scroll of immolation
Potions
 e - 6 potions of brilliance
 l - 2 potions of curing
 o - 4 potions of might
 s - 4 potions of attraction
 z - 3 potions of enlightenment
 B - 6 potions of resistance
 C - 2 potions of mutation
 H - a potion of lignification
 L - 2 potions of berserk rage
 O - 2 potions of haste
 W - a potion of cancellation {unknown}


   Skills:
 + Level 19.5 Fighting
 - Level 4.0 Long Blades
 - Level 3.2 Armour
 - Level 4.1 Dodging
 - Level 5.0 Shields
 + Level 14.4 Spellcasting
 + Level 14.4 Conjurations
 + Level 14.4 Hexes
 + Level 14.4 Summonings
 + Level 14.4 Necromancy
 + Level 14.4 Translocations
 + Level 14.4 Transmutations
 + Level 14.4 Fire Magic
 + Level 14.4 Ice Magic
 + Level 14.4 Air Magic
 + Level 14.4 Earth Magic
 + Level 14.4 Poison Magic


You knew the following spells:

 Your Spells              Type           Power      Damage    Failure   Level
a - Slow                  Hex            100%       N/A       1%          1
b - Momentum Strike       Conj/Tloc      100%       3d10      1%          2
c - Vampiric Draining     Necr           68%        2d10      1%          3
d - Ozocubu's Armour      Ice            68%        N/A       1%          3
e - Dimensional Bullseye  Hex/Tloc       34%        N/A       1%          4
f - Irradiate             Conj/Tmut      34%        3d23      2%          5
g - Eringya's Noxious Bo  Tmut/Pois      34%        4d6       14%         6
Your spell library was empty.

Dungeon Overview and Level Annotations

Branches:
Dungeon (14/15)            Temple (1/1) D:4            Lair (5/5) D:9
 Shoals (0/4) Lair:3       Spider (0/4) Lair:3        Slime (0/5) Lair:5
    Orc (2/2) D:10            Elf (0/3) Orc:2        Vaults (0/5) D:14
  IceCv (1/1)             Gauntlet (visited)

Altars:
Ashenzari
Cheibriados
Dithmenos
Elyvilon
Fedhas
Gozag
Hepliaklqana
Makhleb
Nemelex Xobeh
Okawaru
Qazlal
Ru
Trog
Uskayaw
Wu Jian
Xom
Yredelemnul
Zin
The Shining One

Shops:
D:8 (   D:10 *   D:11 (   Orc:2 [([*


Innate Abilities, Weirdness & Mutations

Your life essence is reduced to manifest your ancestor. (-10% HP)
You are immune to sickness and miasma.
You are immune to poison.
Your flesh is very heat resistant. (rF++)
You are vulnerable to cold. (rC-)
You float through the air rather than walking.
You learn spells naturally, not from books.
Your magical power is your life essence.
You have superior vitality. (+4 MHP)
You have sharp fingernails.
You are partially covered in iridescent scales. (AC +2)
You are agile. (Dex +4, Str/Int -1)


Message History

You resist.
You are too injured to fight recklessly!
You hit the caustic shrike simulacrum.
The caustic shrike simulacrum is moderately damaged.
The caustic shrike simulacrum claws you but does no damage.
The caustic shrike simulacrum closely misses you.
The bog body casts a spell at you. The bolt of cold hits you. You resist.
The caustic shrike simulacrum claws you but does no damage.
The bog body barely misses you.
The caustic shrike simulacrum claws you but does no damage.
You closely miss the caustic shrike simulacrum.
The caustic shrike simulacrum is moderately damaged.
The caustic shrike simulacrum claws you but does no damage.
You block the caustic shrike simulacrum's attack.
The bog body touches you but does no damage.
The caustic shrike simulacrum claws you.
The caustic shrike simulacrum freezes you!
You resist.
The bog body touches you but does no damage.
You miss the caustic shrike simulacrum.
The caustic shrike simulacrum is moderately damaged.
The caustic shrike simulacrum claws you.
The caustic shrike simulacrum freezes you.
You resist.
* * * LOW HITPOINT WARNING * * *
The caustic shrike simulacrum claws you but does no damage.
The bog body touches you!
* * * LOW HITPOINT WARNING * * *
The bog body freezes you. You resist.
* * * LOW HITPOINT WARNING * * *
The caustic shrike simulacrum claws you but does no damage.
The bog body points at you and mumbles some strange words.
The bolt of cold hits you. You resist.
* * * LOW HITPOINT WARNING * * *
The caustic shrike simulacrum claws you!
* * * LOW HITPOINT WARNING * * *
The caustic shrike simulacrum freezes you!
You resist.
You die...

##...# #......
#...## .......
#...## ...n...
##...## ...n4
##...# ##... ##..#
##..# ##..## #.†###
#..## ##nZ.###
####..####
##@...###
##.#....#.##
###....##
##..........##
###...###
#............##
###...###
#.............####
###...##
##...............##
##...#
##........###....##
###†.# ####...###
###R..# ##....#
##### ##..#
##....##


You could see a bog body and a caustic shrike simulacrum.

Vanquished Creatures
  Gastronok (Orc:1)
  The ghost of Jingleheimer the Unseen, a journeyman TeFi of Wu Jian (Lair:4)
  An orc warlord (Orc:2)
  4 hydras
  2 vault guards
  A caustic shrike simulacrum (IceCv)
  2 boulder beetles
  2 centaur warriors
  3 two-headed ogres
  A death yak (Lair:3)
  A catoblepas (D:14)
  Nergalle (D:10)
  A sun demon (D:13)
  3 skysharks (Lair:5)
  A skeletal warrior (D:12)
  2 sixfirhies
  2 bog bodies (IceCv)
  A lindwurm (Lair:3)
  3 deep elf pyromancers
  2 large abominations (D:13)
  A spriggan simulacrum (IceCv)
  A wizard (D:13)
  2 orc sorcerers (Orc:2)
  3 manticores
  A cyclops (D:13)
  2 merfolk sirens (Lair:3)
  7 elephants
  A rust devil (D:13)
  A black mamba (shapeshifter) (D:4)
  3 black mambas
  An orange demon (D:13)
  Maggie (D:7)
  7 cane toads
  2 torpor snails
  A smoke demon (D:13)
  6 komodo dragons
  A gargoyle (D:11)
  4 ice devils
  A freezing wraith (IceCv)
  An anaconda simulacrum (IceCv)
  2 merfolk (Lair:3)
  2 trolls
  A polar bear (Lair:1)
  Prince Ribbit (D:5)
  Grinder (D:3)
  12 blink frogs
  2 dream sheep (Lair:3)
  2 wraiths
  Sigmund (D:2)
  2 slime creatures (D:13)
  4 wyverns
  21 yaks
  3 basilisks
  A chaos spawn (D:13)
  A steam dragon (Lair:3)
  Eustachio (D:5)
  9 vampire mosquitoes
  2 wargs (Orc:1)
  7 water moccasins
  An ice beast (D:7)
  28 orc warriors
  2 sky beasts
  2 ogres (D:6)
  9 wolves
  A phantom (D:5)
  7 kobold brigands
  Blork the orc (D:6)
  11 bullfrogs
  10 scorpions
  5 gnoll sergeants
  12 wights
  10 killer bees
  3 electric eels (D:10)
  2 howler monkeys
  A jelly (D:5)
  A hound (D:5)
  10 orc priests
  A sleepcap (D:5)
  3 hell rats (Lair:4)
  5 iguanas
  18 orc wizards
  Robin (D:3)
  3 adders
  14 gnolls
  A river rat (D:5)
  A shadow imp (D:6)
  A white imp (D:7)
  4 ufetubi (Gauntlet)
  A worm (Lair:3)
  7 dart slugs
  67 orcs
  4 bats (D:3)
  5 endoplasms
  4 giant cockroaches
  9 goblins
  6 hobgoblins
  2 jackals (D:4)
  8 quokkas
  5 ball pythons
  A frilled lizard (D:2)
  26 kobolds
  3 rats (D:1)
473 creatures vanquished.

Vanquished Creatures (collateral kills)
  The ghost of demibob the Brawler, a journeyman TrCK of Xom (Lair:1)
  A dire elephant (Lair:5)
  A minotaur (Gauntlet)
  Josephine (Lair:4)
  A vault guard (D:13)
  Harold (D:11)
  A centaur warrior (D:11)
  A merfolk avatar (Lair:5)
  2 death yaks
  The ghost of Thatotherguy the Martial Artist, a journeyman MfSh of Fedhas (D:10)
  A two-headed ogre (D:12)
  Amaemon (Lair:3)
  Urug (Orc:1)
  2 skeletal warriors (D:12)
  A harpy (Lair:5)
  A spriggan simulacrum (IceCv)
  3 orc knights
  2 wizards (D:13)
  An orc sorcerer (Orc:2)
  A cyclops (Orc:2)
  4 manticores
  6 elephants
  3 rust devils (D:13)
  Joseph (D:8)
  3 orange demons
  2 torpor snails
  A smoke demon (D:13)
  5 cane toads
  A kobold demonologist (D:8)
  A rime drake (Lair:4)
  2 freezing wraiths
  An ice devil (D:13)
  6 komodo dragons
  3 anaconda simulacra (IceCv)
  A queen bee (shapeshifter) (D:13)
  2 trolls
  A wind drake (Lair:5)
  2 polar bears
  An alligator simulacrum (IceCv)
  A raiju (Gauntlet)
  2 dream sheep (Lair:3)
  A polar bear (shapeshifter) (D:13)
  7 blink frogs
  A slime creature (D:13)
  4 wraiths
  A shadow (D:11)
  A dire elephant simulacrum (IceCv)
  A vampire (D:12)
  10 yaks
  A basilisk (Lair:3)
  Grum (D:9)
  A wyvern (Lair:1)
  6 vampire mosquitoes (D:12)
  A chaos spawn (D:13)
  2 harpy simulacra (IceCv)
  A warg (Orc:2)
  4 water moccasins
  3 acid dragons
  An ice beast (shapeshifter) (D:14)
  An ice beast (D:8)
  11 orc warriors
  A black bear (Lair:3)
  5 ogres
  8 wolves
  4 centaurs
  4 kobold brigands
  9 bullfrogs
  A scorpion (Lair:3)
  A deep troll simulacrum (IceCv)
  2 wights (D:10)
  7 killer bees
  A lindwurm simulacrum (IceCv)
  6 electric eels (D:10)
  A jelly (D:5)
  9 orc priests
  An iguana (D:4)
  14 orc wizards
  2 hell rats (Lair:4)
  2 lightning spires (Gauntlet)
  A gnoll (D:7)
  A shadow imp (D:8)
  61 orcs
  A giant cockroach (Lair:3)
  10 kobolds
285 creatures vanquished.

Vanquished Creatures (others)
  An elephant (Lair:5)
  A rime drake (Lair:5)
  A centaur (D:13)
  28 knights
  An orc (D:6)
  3 kobolds (D:10)
35 creatures vanquished.

Grand Total: 793 creatures vanquished

Notes
Turn   | Place    | Note
-------+----------+-------------------------------------------
     0 | D:1      | cforsyth the Djinni Chaos Knight began the quest for the
                  | Orb.
     0 | D:1      | Reached XP level 1. HP: 20/20 MP: 0/0
    28 | D:1      | XOM: potion effect (experience)
    28 | D:1      | Reached skill level 6 in Fighting
    28 | D:1      | Reached XP level 2. HP: 29/29 MP: 0/0
    83 | D:1      | Reached XP level 3. HP: 20/34 MP: 0/0
    83 | D:1      | Learned a level 1 spell: Slow
   100 | D:1      | XOM: divination: detect creatures
   455 | D:1      | XOM: cloud trail
   767 | D:2      | XOM: scenery: 1 doors open
   777 | D:2      | XOM: 2-stop teleportation journey
   890 | D:2      | XOM: 9-stop teleportation journey
   907 | D:2      | Identified the +4 scale mail of Vermicelli {rC++}
   941 | D:2      | Noticed Sigmund
   968 | D:2      | XOM: enchant monster (good)
   988 | D:2      | Killed Sigmund
   989 | D:2      | Reached XP level 4. HP: 40/40 MP: 0/0
   989 | D:2      | Reached XP level 5. HP: 45/45 MP: 0/0
   989 | D:2      | Learned a level 2 spell: Momentum Strike
   989 | D:2      | Reached XP level 6. HP: 50/50 MP: 0/0
  1295 | D:3      | You are sucked into a shaft and drop 3 floors!
  1427 | D:5      | Entered Level 5 of the Dungeon
  1480 | D:5      | Found a shimmering altar of Xom.
  1515 | D:5      | XOM: scenery: create altars
  1534 | D:5      | XOM: summons 2 friendly demons
  1540 | D:5      | Reached XP level 7. HP: 56/57 MP: 0/0
  1540 | D:5      | Learned a level 3 spell: Vampiric Draining
  1662 | D:4      | XOM: silly message
  1679 | D:3      | Noticed Grinder
  1705 | D:3      | XOM: enchant monster (good)
  1717 | D:3      | Killed Grinder
  2242 | D:3      | XOM: stat loss: -1 Str (10/11)
  2288 | D:4      | a scorpion changed into a shapeshifter
  2288 | D:4      | Noticed a shapeshifter (shapeshifter)
  2288 | D:4      | a shapeshifter changed into a black mamba
  2288 | D:4      | Noticed a black mamba (shapeshifter)
  2296 | D:4      | XOM: divination: magic mapping
  2301 | D:4      | XOM: summons friendly ufetubus
  2304 | D:4      | Gained mutation: Your natural rate of healing is unusually
                  | fast. [potion of mutation]
  2304 | D:4      | Gained mutation: Your muscles are strong. (Str +4, Int/Dex
                  | -1) [potion of mutation]
  2304 | D:4      | Gained mutation: You are partially covered in iridescent
                  | scales. (AC +2) [potion of mutation]
  2305 | D:4      | Killed a black mamba
  2306 | D:4      | Reached skill level 7 in Fighting
  2306 | D:4      | Reached XP level 8. HP: 21/64 MP: 0/0
  2377 | D:4      | Found a staircase to the Ecumenical Temple.
  2454 | D:5      | XOM: cast spell 'Summon Ice Beast'
  2486 | Temple   | Entered the Ecumenical Temple
  2494 | Temple   | Fell from the grace of Xom
  2494 | Temple   | Became a worshipper of Hepliaklqana the Forgotten
  2831 | D:4      | Reached skill level 8 in Fighting
  3087 | D:5      | Found a shadowy altar of Dithmenos.
  3160 | D:5      | Reached XP level 9. HP: 70/70 MP: 0/0
  3160 | D:5      | Learned a level 3 spell: Ozocubu's Armour
  3178 | D:5      | Reached skill level 5 in Spellcasting
  3178 | D:5      | Reached skill level 5 in Conjurations
  3178 | D:5      | Reached skill level 5 in Hexes
  3178 | D:5      | Reached skill level 5 in Summonings
  3178 | D:5      | Reached skill level 5 in Necromancy
  3178 | D:5      | Reached skill level 5 in Translocations
  3178 | D:5      | Reached skill level 5 in Transmutations
  3178 | D:5      | Reached skill level 5 in Fire Magic
  3178 | D:5      | Reached skill level 5 in Ice Magic
  3178 | D:5      | Reached skill level 5 in Air Magic
  3178 | D:5      | Reached skill level 5 in Earth Magic
  3178 | D:5      | Reached skill level 5 in Poison Magic
  3218 | D:5      | Noticed Prince Ribbit
  3237 | D:5      | Killed Prince Ribbit
  3302 | D:6      | Noticed Blork the orc
  3399 | D:3      | Identified the +3 helmet of Philately {rC+}
  3399 | D:3      | Noticed Robin
  3407 | D:3      | Killed Robin
  3501 | D:5      | XOM: polymorph butterfly -> river rat
  3529 | D:6      | Noticed Eustachio
  3544 | D:5      | Reached skill level 9 in Fighting
  3759 | D:6      | XOM: give mutations
  3759 | D:6      | Gained mutation: You are robust. (+10% HP) [Xom's mischief]
  3759 | D:6      | Lost mutation: Your natural rate of healing is unusually
                  | fast. [Xom's mischief]
  3820 | D:6      | Found a white marble altar of Elyvilon.
  3933 | D:5      | Killed Eustachio
  4228 | D:6      | Killed Blork the orc
  4277 | D:6      | Reached XP level 10. HP: 88/88 MP: 0/0
  4402 | D:6      | XOM: torment (45/88 hp)
  4584 | D:6      | XOM: summons 3 hostile shadow creatures
  4684 | D:6      | Found a burning altar of Makhleb.
  4816 | D:6      | Found a white marble altar of Elyvilon.
  4894 | D:5      | Reached skill level 10 in Fighting
  5270 | D:6      | Found a burning altar of Makhleb.
  5358 | D:6      | XOM: give mutations
  5358 | D:6      | Gained mutation: You are strong-willed. (Will+) [Xom's
                  | mischief]
  5358 | D:6      | Gained mutation: You are occasionally teleported next to
                  | monsters. [Xom's mischief]
  5358 | D:6      | Gained mutation: You are somewhat resistant to further
                  | mutation. [Xom's mischief]
  5463 | D:7      | XOM: summons 11 hostile demons
  5487 | D:7      | Reached * piety under Hepliaklqana
  5614 | D:7      | Found a glowing golden altar of the Shining One.
  6075 | D:7      | Noticed Maggie
  6087 | D:7      | Killed Maggie
  6088 | D:7      | Reached skill level 11 in Fighting
  6146 | D:7      | Reached XP level 11. HP: 81/87 MP: 0/0
  6146 | D:7      | Learned a level 4 spell: Dimensional Bullseye
  6274 | D:7      | Reached ** piety under Hepliaklqana
  6275 | D:7      | Remembered your ancestor Xochipepe as a knight
  6522 | D:8      | XOM: polymorph sky beast -> ice beast
  6714 | D:8      | XOM: summons 7 hostile demons
  6742 | D:7      | XOM: give mutations
  6742 | D:7      | Lost mutation: You are somewhat resistant to further
                  | mutation. [Xom's mischief]
  6742 | D:7      | Gained mutation: You have a pair of small horns on your
                  | head. [Xom's mischief]
  6742 | D:7      | Gained mutation: You are agile. (Dex +4, Str/Int -1) [Xom's
                  | mischief]
  6924 | D:8      | Found a basalt altar of Yredelemnul.
  6967 | D:8      | Reached skill level 12 in Fighting
  7082 | D:8      | Found Fiampadu's Antique Weapon Shoppe.
  7158 | D:8      | Noticed Joseph
  7171 | D:8      | Killed Joseph
  7340 | D:9      | Found an iron altar of Okawaru.
  7345 | D:9      | Noticed Grum
  7555 | D:9      | Killed Grum
  7577 | D:9      | Noticed a two-headed ogre
  7592 | D:9      | Killed a two-headed ogre
  7859 | D:9      | Noticed a two-headed ogre
  7868 | D:9      | Killed a two-headed ogre
  7900 | D:9      | Found a sacrificial altar of Ru.
  7907 | D:9      | Found a staircase to the Lair.
  7968 | D:9      | Found a sparkling altar of Nemelex Xobeh.
  8093 | D:9      | XOM: noise
  8247 | D:9      | Reached XP level 12. HP: 96/96 MP: 0/0
  8463 | D:10     | Entered Level 10 of the Dungeon
  8538 | D:10     | Reached skill level 13 in Fighting
  8796 | D:10     | XOM: 3-stop teleportation journey
  8805 | D:10     | Found a staircase to the Orcish Mines.
  8912 | D:10     | Found Zin's Purification Station.
  8917 | D:10     | Found a glowing silver altar of Zin.
  8920 | D:10     | Reached *** piety under Hepliaklqana
  9781 | D:10     | Found a runed translucent door.
  9802 | D:10     | Noticed Thatotherguy's ghost (journeyman MfSh)
 10127 | D:11     | Found Oluapt's Weapon Boutique.
 10266 | D:11     | Noticed Harold
 10282 | D:11     | Killed Harold
 10542 | D:11     | XOM: 5-stop teleportation journey
 10593 | D:11     | Noticed a centaur warrior
 10596 | D:11     | Noticed a two-headed ogre
 10604 | D:11     | Killed a centaur warrior
 10609 | D:11     | Reached skill level 10 in Spellcasting
 10609 | D:11     | Reached skill level 10 in Conjurations
 10609 | D:11     | Reached skill level 10 in Hexes
 10609 | D:11     | Reached skill level 10 in Summonings
 10609 | D:11     | Reached skill level 10 in Necromancy
 10609 | D:11     | Reached skill level 10 in Translocations
 10609 | D:11     | Reached skill level 10 in Transmutations
 10609 | D:11     | Reached skill level 10 in Fire Magic
 10609 | D:11     | Reached skill level 10 in Ice Magic
 10609 | D:11     | Reached skill level 10 in Air Magic
 10609 | D:11     | Reached skill level 10 in Earth Magic
 10609 | D:11     | Reached skill level 10 in Poison Magic
 10617 | D:11     | Killed a two-headed ogre
 10665 | D:11     | XOM: silly message
 10693 | D:11     | Reached skill level 14 in Fighting
 10809 | D:11     | XOM: silly message
 10955 | D:11     | XOM: silly message
 10987 | D:11     | XOM: silly message
 11262 | D:11     | Reached **** piety under Hepliaklqana
 11513 | D:12     | Reached XP level 13. HP: 106/106 MP: 0/0
 11513 | D:12     | Learned a level 5 spell: Irradiate
 12325 | D:12     | Reached skill level 15 in Fighting
 12527 | D:12     | XOM: noise
 12760 | Lair:1   | Entered Level 1 of the Lair of Beasts
 12840 | Lair:1   | XOM: 1-stop teleportation journey
 13247 | Lair:1   | Reached ***** piety under Hepliaklqana
 13475 | Lair:1   | Found a runed translucent door.
 13476 | Lair:1   | Noticed demibob's ghost (journeyman TrCK)
 13476 | Lair:1   | Found the ring of the Tortoise {AC+8}
 13607 | Lair:2   | XOM: confusion (+ monsters)
 13607 | Lair:2   | Was forgiven by Xom
 15023 | Lair:3   | Reached skill level 16 in Fighting
 15130 | Lair:3   | Noticed Amaemon
 15152 | Lair:3   | Killed Amaemon
 15163 | Lair:3   | Reached XP level 14. HP: 24/116 MP: 0/0
 15694 | Lair:3   | Found a hole to the Spider Nest.
 15815 | Lair:3   | Found a staircase to the Shoals.
 17236 | Lair:4   | Reached skill level 17 in Fighting
 17352 | Lair:4   | Noticed Josephine
 17371 | Lair:4   | Killed Josephine
 17700 | Lair:5   | Entered Level 5 of the Lair of Beasts
 17700 | Lair:5   | Noticed Jingleheimer's ghost (journeyman TeFi)
 17700 | Lair:5   | Found a transporter.
 17731 | Lair:5   | Noticed a dire elephant
 17736 | Lair:5   | Found a transporter.
 17782 | Lair:5   | Reached ****** piety under Hepliaklqana
 17901 | Lair:5   | Found a staircase to the Slime Pits.
 18777 | Lair:5   | Reached XP level 15. HP: 118/124 MP: 0/0
 18777 | Lair:5   | Learned a level 6 spell: Eringya's Noxious Bog
 18965 | Lair:5   | Found the ring of the Octopus King
 18981 | Lair:5   | Identified a ring of the Octopus King {rF+ HP+2 AC+2 EV+2
                  | SH+2}
 19374 | Orc:1    | Entered Level 1 of the Orcish Mines
 19374 | Orc:1    | Noticed Gastronok
 19532 | Orc:1    | Noticed Nergalle
 19661 | D:10     | Killed Nergalle
 19687 | Orc:1    | Noticed Urug
 19690 | Orc:1    | Killed Gastronok
 19695 | Orc:1    | Killed Urug
 19727 | Orc:1    | Lost mutation: You are robust. (+10% HP) [potion of
                  | mutation]
 19727 | Orc:1    | Lost mutation: Your muscles are strong. (Str +4, Int/Dex
                  | -1) [potion of mutation]
 19727 | Orc:1    | Gained mutation: You have supernaturally acute eyesight.
                  | (SInv) [potion of mutation]
 19763 | Orc:1    | Reached skill level 18 in Fighting
 20200 | Orc:2    | Entered Level 2 of the Orcish Mines
 20231 | Orc:2    | Found a gate leading to a gauntlet.
 20241 | Orc:2    | Found Udyiwaom's Antique Armour Boutique.
 20292 | Orc:2    | Bought a runed cloak for 255 gold pieces
 20314 | Gauntlet | Entered a Gauntlet
 20314 | Gauntlet | Found a transporter.
 20314 | Gauntlet | Found a transporter.
 20330 | Gauntlet | Found a transporter.
 20337 | Gauntlet | Found a runed translucent door.
 20345 | Gauntlet | Found a transporter.
 20345 | Gauntlet | Found a transporter.
 20348 | Gauntlet | Found a transporter.
 20348 | Gauntlet | Found a transporter.
 20349 | Gauntlet | Found a transporter.
 20360 | Gauntlet | Found a transporter.
 20378 | Gauntlet | Found a transporter.
 20388 | Gauntlet | Found a transporter.
 20404 | Gauntlet | Found a transporter.
 20424 | Gauntlet | Found a transporter.
 20440 | Gauntlet | Found a transporter.
 20722 | Gauntlet | Identified the +2 pair of boots "Nackues" {rPois rCorr
                  | Str+4 Dex+4}
 20795 | Gauntlet | Identified the amulet "Qir Puty" {Acrobat rN+}
 20818 | Gauntlet | Identified the +7 trident "Zeeqipui" {heavy, rElec rPois}
 21035 | Gauntlet | Identified the +3 war axe of the Insatiable Knives {spect,
                  | +Blink}
 21507 | Orc:2    | Noticed an orc warlord
 21612 | Orc:2    | Killed an orc warlord
 21868 | Orc:2    | Found a staircase to the Elven Halls.
 21895 | Orc:2    | Found Wouchomy's General Store.
 21915 | Orc:2    | Bought a scroll of teleportation for 33 gold pieces
 21978 | Orc:2    | Found Tywufum's Antique Armour Shoppe.
 21980 | Orc:2    | Found Fetet's Antique Weapon Emporium.
 21993 | Orc:2    | Bought a pitted scale mail for 297 gold pieces
 21993 | Orc:2    | Identified the +5 scale mail "Xeuz" {Harm Rampage Str-5}
                  | (You bought it in a shop on level 2 of the Orcish Mines)
 21993 | Orc:2    | Bought a crude robe for 188 gold pieces
 21993 | Orc:2    | Identified the +0 robe "Sisul" {+Blink Slay+3} (You bought
                  | it in a shop on level 2 of the Orcish Mines)
 22744 | D:10     | Killed Thatotherguy's ghost
 22886 | Lair:1   | Killed demibob's ghost
 23361 | Lair:4   | Killed Jingleheimer's ghost
 23894 | Lair:5   | Lost mutation: You have supernaturally acute eyesight.
                  | (SInv) [potion of mutation]
 23894 | Lair:5   | Lost mutation: You are occasionally teleported next to
                  | monsters. [potion of mutation]
 23894 | Lair:5   | Lost mutation: You have a pair of small horns on your head.
                  | [potion of mutation]
 23894 | Lair:5   | Lost mutation: You are strong-willed. (Will+) [potion of
                  | mutation]
 23894 | Lair:5   | Gained mutation: You have sharp fingernails. [potion of
                  | mutation]
 24142 | D:13     | Reached skill level 1 in Shields
 24307 | D:13     | Reached XP level 16. HP: 89/120 MP: 0/0
 24468 | D:13     | Reached skill level 19 in Fighting
 25164 | D:14     | Found a gate to the Vaults.
 25364 | D:13     | HP: 1/123 [vault guard/+3 war axe (9)]
 25399 | D:14     | Found a frozen archway.
 25448 | IceCv    | Entered an ice cave
 25648 | IceCv    | Reached skill level 5 in Shields
 25956 | IceCv    | Slain by a caustic shrike simulacrum

Illustrated notes

Levels and vault maps discovered:
D:1:      minmay_arrival_solitary_statue, layout_rooms, minmay_hexomino_p4
D:2:      layout_basic, uniq_sigmund
D:3:      layout_basic, chequers_decorated_corner,
          ebering_dispersal_statue_hall, uniq_robin, uniq_grinder
D:4:      layout_rooms, minmay_temple_entry_from_below_a, kennysheep_doodads
D:5:      layout_rooms, xom_butterflies,
          nicolae_dithmenos_through_a_glass_darkly, st_stairs_4,
          uniq_prince_ribbit1
D:6:      nicolae_cairo_tiling_large_dashed, layout_loops_ring,
          mainiacjoe_overflow_six_doors_small, makhleb_grotto_becter,
          nicolae_letterblocks [nicolae_letter_subblock,
          nicolae_letter_subblock, nicolae_letter_subblock,
          nicolae_letter_subblock, nicolae_letter_subblock,
          nicolae_letter_subblock, nicolae_letter_subblock,
          nicolae_letter_subblock, nicolae_letter_subblock,
          nicolae_letter_subblock, nicolae_letter_subblock,
          nicolae_letter_subblock, nicolae_letter_subblock,
          nicolae_letter_subblock, nicolae_letter_subblock,
          nicolae_letter_subblock, nicolae_letter_subblock,
          nicolae_letter_subblock, nicolae_letter_subblock,
          nicolae_letter_subblock, nicolae_letter_subblock,
          nicolae_letter_subblock, nicolae_letter_subblock,
          nicolae_letter_subblock, nicolae_letter_subblock], uniq_eustachio,
          uniq_blork_the_orc
D:7:      layout_loops_corners, tso_oasis_becter, eino_tiny_chamber,
          hangedman_abyss_or_decor_passed, st_stairs_4, uniq_maggie
D:8:      layout_rooms, kiku_gazebo_garden_becter, yredelemnul_altar_generic,
          special_room [special_room_kobold], serial_shops, kennysheep_mini,
          uniq_joseph
D:9:      layout_loops_ring, okawaru_trees_1, hangedman_ru_absence,
          mainiacjoe_overflow_concentric_impassable, minmay_gold_behind_fungi,
          uniq_grum
D:10:     layout_basic, zin_purify, orc_david_3, ebering_ghost_reflecting_pool
D:11:     layout_loops_corners, serial_shops, nicolae_stop_n_shop_2,
          kennysheep_nondescript, chequers_serial_rivers_small_b, minmay_bent,
          uniq_harold
D:12:     layout_irregular_city
D:13:     dreamdust_experimentation, layout_irregular_city, serial_demonic,
          serial_demonic_a, serial_demonic_d, serial_demonic_e,
          serial_demonic_a, minivault_24
D:14:     layout_rooms, lightli_vaults_fourway_checkpoint, minmay_holes,
          serial_co_window_serial, co_window_paths_a, co_window_corner_a,
          co_window_corner_a, co_window_paths_a, co_window_paths_a,
          co_window_unsneaky_path_b, co_window_broadway_c, co_window_2corner,
          co_window_paths_e, co_window_4corner_a, glass_columns_c,
          glass_columns_a, portal_ice_cave_entry_pillars_1
Temple:   nicolae_temple_bog_church
Lair:1:   layout_regular_city, ebering_ghost_inner_flame, grunt_megastairs_1
Lair:2:   layout_cave_pods, chequers_serial_rivers_micro_d, grunt_megastairs_3
Lair:3:   layout_hall_layers, elwin_shoals_entry_stream,
          nicolae_spider_entry_non_spiders, uniq_amaemon
Lair:4:   layout_long_grid, lemuel_fruit_tree, uniq_josephine
Lair:5:   gammafunk_lair_ancient_temple, layout_misc_corridors, slime_entry_1,
          gammafunk_ghost_arena
Orc:1:    layout_diamond_mine, uniq_nergalle, uniq_gastronok, uniq_urug
Orc:2:    grunt_orc_community_town_hall, layout_caves,
          grunt_orc_community_big_house_1, grunt_orc_community_big_house_1,
          grunt_orc_community_house_3, grunt_orc_community_house_1,
          grunt_orc_community_house_2, grunt_orc_community_house_1,
          grunt_orc_community_house_1, grunt_orc_community_house_1,
          gauntlet_entry_generic, basic_altar
IceCv:    ice_cave_small_necro

Skill      XL: |  1  2  3  4  5  6  7  8  9 10 11 12 13 14 15 16 |
---------------+-------------------------------------------------+-----
Fighting       | 6 7 8 9 11 12 14 16 17 18 19 | 19.5
Spellcasting   | 3 4 6 7 9 10 11 13 14 | 14.4
Conjurations   | 3 4 6 7 9 10 11 13 14 | 14.4
Hexes          | 3 4 6 7 9 10 11 13 14 | 14.4
Summonings     | 3 4 6 7 9 10 11 13 14 | 14.4
Necromancy     | 3 4 6 7 9 10 11 13 14 | 14.4
Translocations | 3 4 6 7 9 10 11 13 14 | 14.4
Transmutations | 3 4 6 7 9 10 11 13 14 | 14.4
Fire Magic     | 3 4 6 7 9 10 11 13 14 | 14.4
Ice Magic      | 3 4 6 7 9 10 11 13 14 | 14.4
Air Magic      | 3 4 6 7 9 10 11 13 14 | 14.4
Earth Magic    | 3 4 6 7 9 10 11 13 14 | 14.4
Poison Magic   | 3 4 6 7 9 10 11 13 14 | 14.4
Long Blades    | 3 4 |  4.0
Armour         | 2 3 |  3.2
Dodging        | 3 4 |  4.1
Shields        | 2 5 |  5.0

Action                     |  1- 3 |  4- 6 |  7- 9 | 10-12 | 13-15 | 16-18 || total
---------------------------+-------+-------+-------+-------+-------+-------++-------
  Melee: Falchion          |    74 |    43 |   328 |       |       |       ||   445
         Punch             |       |     2 |     6 |     6 |    20 |       ||    34
         Trident           |       |       |    65 |   894 |  1383 |   145 ||  2487
         Headbutt          |       |       |       |    90 |   321 |       ||   411
   Cast: Slow              |    13 |     1 |     7 |     1 |     3 |     2 ||    27
         Momentum Strike   |       |     1 |     7 |     1 |    19 |     2 ||    30
         Vampiric Draining |       |       |     4 |       |       |       ||     4
         Ozocubu's Armour  |       |       |     1 |       |       |     1 ||     2
         Irradiate         |       |       |       |       |    16 |     1 ||    17
         Eringya's Noxious |       |       |       |       |    20 |    10 ||    30
 Invoke: Recall Ancestor   |       |       |       |     4 |    17 |     3 ||    24
         Ancestor Life: Kn |       |       |       |     1 |       |       ||     1
  Evoke: Wand              |       |       |       |     5 |     2 |     1 ||     8
    Use: Potion            |       |       |     2 |       |    17 |     3 ||    22
         Scroll            |       |       |     1 |     2 |    22 |     1 ||    26
   Stab: Petrified         |     8 |       |     7 |       |       |       ||    15
         Paralysed         |       |       |     4 |       |       |       ||     4
         Distracted        |       |       |     1 |     3 |    12 |       ||    16
         Petrifying        |       |       |     1 |       |       |       ||     1
         Confused          |       |       |     1 |       |       |       ||     1
 Armour: Leather armour    |    33 |       |       |       |       |       ||    33
         Scale mail        |     8 |    24 |   396 |  1046 |  2076 |   302 ||  3852
         Skin              |       |       |       |       |     1 |       ||     1
  Dodge: Dodged            |    34 |    25 |   270 |   533 |  1212 |   140 ||  2214
  Block: Other             |       |       |       |       |    48 |       ||    48
         Buckler           |       |       |       |       |    38 |   107 ||   145

Table legend: (Time is in decaauts)
 A = Elapsed time spent in this place.
 B = Non-inter-level travel time spent in this place.
 C = Inter-level travel time spent in this place.
 D = Time resting spent in this place.
 E = Time spent auto-exploring this place.
 F = Levels seen in this place.
 G = Mean time per level.
                   A        B        C        D        E       F      G
               +--------+--------+--------+--------+--------+-----+--------+
         Total |  27101 |  25528 |   1573 |   4553 |  13202 |  24 | 1129.2 |
       Dungeon |  15248 |  14288 |    960 |   2080 |   8093 |  14 | 1089.1 |
        Temple |     16 |      8 |      8 |      0 |      0 |   1 |   16.0 |
          Lair |   8090 |   7663 |    427 |   1729 |   3670 |   5 | 1618.0 |
  Orcish Mines |   2452 |   2274 |    178 |    375 |   1006 |   2 | 1226.0 |
      Ice Cave |    554 |    554 |      0 |    144 |    280 |   1 |  554.0 |
      Gauntlet |    739 |    739 |      0 |    225 |    153 |   1 |  739.0 |
               +--------+--------+--------+--------+--------+-----+--------+

Top non-repeatable levels by time:
    D:10: 2129 daAuts
  Lair:3: 2022 daAuts
  Lair:4: 1885 daAuts
  Lair:5: 1615 daAuts
    D:11: 1525 daAuts
   Orc:2: 1456 daAuts
     D:6: 1434 daAuts
  Lair:1: 1372 daAuts
     D:7: 1353 daAuts
    D:13: 1353 daAuts
     D:5: 1243 daAuts
    D:12: 1217 daAuts
     D:9: 1199 daAuts
  Lair:2: 1194 daAuts
   Orc:1: 996 daAuts
